 Dungeon Crawl Stone Soup version 0.31-a0-930-g84ea760 (webtiles) character file.

Game seed: 7309292980282883545

37900 mcursa the Marksminotaur (level 13, -3/123 HPs)
             Began as a Minotaur Hunter on Oct 15, 2023.
             Was a High Priest of Okawaru.
             Slain by Dega's ghost (7 damage)
             ... on level 13 of the Dungeon on Oct 18, 2023.
             The game lasted 01:04:58 (13092 turns).

mcursa the Marksminotaur (Minotaur Hunter)         Turns: 13092, Time: 01:05:02

Health: -3/123     AC: 20    Str: 17    XL:     13   Next: 60%
Magic:  11/12      EV: 19    Int: 11    God:    Okawaru [*****.]
Gold:   928        SH:  5    Dex: 30    Spells: 12/12 levels left

rFire   . . .        u - +0 arbalest (heavy)
rCold   + + +        (shield currently unavailable)
rNeg    . . .        S - +5 scale mail of Gravity {*Slow rPois rC++ rCorr}
rPois   +            (helmet unavailable)
rElec   +            g - +0 cloak
rCorr   +            B - +2 pair of gloves
SInv    .            (no boots)
Will    .....        o - amulet of reflection
Stlth   ++++         K - +6 ring of dexterity
HPRegen 0.40/turn    c - ring "Oseim" {rElec rC+ rCorr Int+6 Dex+3}
MPRegen 0.13/turn

%: slow self (1%), reflection
@: lethally poisoned (-3 -> -6), heroic, grasped by roots, constricted
A: horns 3, retaliatory headbutt, agile 1
a: Renounce Religion, Heroism, Finesse, Duel


You were on level 13 of the Dungeon.
You worshipped Okawaru.
Okawaru was extremely pleased with you.
You visited 2 branches of the dungeon, and saw 14 of its levels.

You collected 2053 gold pieces.
You spent 1125 gold pieces at shops.

Inventory:

Hand Weapons
 a - the +7 dagger "Koakutiu" {heavy, rPois}
   (You took it off an orc on level 11 of the Dungeon)

   rPois:     It protects you from poison
 s - the +7 quarterstaff "Beast's Demise" {freeze, rElec}
   (You found it on level 13 of the Dungeon)

   rElec:     It insulates you from electricity.
 u - a +0 heavy arbalest (weapon)
 v - the +5 scimitar of Veommug {freeze, rElec}
   (You found it on level 6 of the Dungeon)

   rElec:     It insulates you from electricity.
 F - the +1 quarterstaff of Melee {elec, rElec Str+2}
   (You found it on level 7 of the Dungeon)

   Str+2:     It affects your strength (+2).
   rElec:     It insulates you from electricity.
 M - the +8 rapier of World's End {spect, rF+ Dex+3}
   (You found it on level 8 of the Dungeon)

   Dex+3:     It affects your dexterity (+3).
   rF+:       It protects you from fire.
 V - a +2 orcbow of draining
Missiles
 x - 93 poisoned darts (quivered)
 U - 2 silver javelins
Armour
 g - a +0 cloak (worn)
 B - a +2 pair of gloves (worn)
 D - a +0 troll leather armour
 I - the +3 ring mail of Gallantry {rN++ Str-4 Int+5}
   (You found it on level 8 of the Dungeon)

   Str-4:     It affects your strength (-4).
   Int+5:     It affects your intelligence (+5).
   rN++:      It greatly protects you from negative energy.
 J - a +0 hat of stealth
 O - a +3 leather armour of willpower
 Q - the +1 hat of the Constellations {Regen+}
   (You found it on level 12 of the Dungeon)

   Regen+:    It increases your rate of health regeneration.
 S - the +5 scale mail of Gravity (worn) {*Slow rPois rC++ rCorr}
   (You found it on level 9 of the Dungeon)

   rC++:      It greatly protects you from cold.
   rPois:     It protects you from poison rCorr: It protects you from acid and
   corrosion.
   *Slow:     It may slow you when you take damage.
 X - a +1 robe of cold resistance
Magical Staves
 y - a staff of air
 Y - a staff of cold
Jewellery
 c - the ring "Oseim" (right hand) {rElec rC+ rCorr Int+6 Dex+3}
   (You found it on level 12 of the Dungeon)

   [ring of intelligence]

   Int+6:     It affects your intelligence (+6).
   Dex+3:     It affects your dexterity (+3).
   rC+:       It protects you from cold.
   rElec:     It insulates you from electricity.
   rCorr:     It protects you from acid and corrosion.
 e - the ring of Orij {rPois rN+++ Will+ EV+5 Dex-3}
   (You took it off an orc on level 11 of the Dungeon)

   [ring of evasion]

   EV+5:      It affects your evasion (+5).
   Dex-3:     It affects your dexterity (-3).
   rPois:     It protects you from poison rN+++: It renders you almost immune to
   negative energy.
   Will+:     It increases your willpower.
 f - an amulet of regeneration
 i - a +4 ring of protection
 o - an amulet of reflection (around neck)
 w - a +6 ring of intelligence
 K - a +6 ring of dexterity (left hand)
 L - a ring of see invisible
 P - a ring of poison resistance
 Z - the ring of Ru's Displeasure {Fly rElec rC+ Slay-3}
   (You bought it in a shop on level 11 of the Dungeon)

   [ring of flight]

   Slay-3:    It affects your accuracy & damage with ranged weapons and melee
   (-3).
   rC+:       It protects you from cold.
   rElec:     It insulates you from electricity.
   Fly:       It grants you flight.
Wands
 k - a wand of roots (5)
 p - a wand of digging (6)
 R - a wand of flame (15)
Scrolls
 b - 2 scrolls of butterflies
 d - 4 scrolls of enchant armour
 j - 2 scrolls of noise
 l - 4 scrolls of vulnerability
 n - a scroll of amnesia
 r - a scroll of torment
 t - 2 scrolls of teleportation
 A - a scroll of blinking
 G - a scroll of fog
 N - a scroll of poison
 T - a scroll of identify
Potions
 h - 2 potions of attraction {unknown}
 m - a potion of curing
 q - a potion of lignification
 z - 3 potions of brilliance
 C - 2 potions of cancellation {unknown}
 E - 3 potions of enlightenment
 H - a potion of ambrosia
 W - a potion of resistance {unknown}


   Skills:
 + Level 13.7(18.7) Fighting
 + Level 19.2(24.2) Ranged Weapons
 + Level 2.3(7.3) Throwing
 + Level 9.9(14.9) Armour
 + Level 7.7(12.7) Dodging
 + Level 3.6(8.6) Stealth
 + Level 7.4(12.4) Shields
 + Level 0.8 Invocations


You had 12 spell levels left.
You didn't know any spells.
Your spell library contained the following spells:

 Spells                   Type           Power      Damage    Failure   Level
 Sting                    Tmut/Pois      0%         1d3       63%         1
 Blink                    Tloc           0%         N/A       77%         2
 Ensorcelled Hibernation  Hex/Ice        0%         N/A       77%         2
 Momentum Strike          Conj/Tloc      0%         3d8       77%         2
 Passwall                 Tmut/Erth      0%         N/A       77%         2
 Poisonous Vapours        Pois/Air       0%         N/A       77%         2
 Wereblood                Tmut           0%         N/A       77%         2
 Sigil of Binding         Hex            0%         N/A       94%         3
 Swiftness                Air            0%         N/A       94%         3
 Brom's Barrelling Bould  Conj/Erth      0%         2d3       100%        4
 Cause Fear               Hex            0%         N/A       100%        4
 Dimensional Bullseye     Hex/Tloc       0%         N/A       100%        4
 Leda's Liquefaction      Hex/Erth       0%         N/A       100%        4
 Manifold Assault         Tloc           0%         N/A       100%        4
 Olgreb's Toxic Radiance  Pois           0%         N/A       100%        4
 Fireball                 Conj/Fire      0%         3d3       100%        5
 Irradiate                Conj/Tmut      0%         3d11      100%        5
 Iskenderun's Battlesphe  Conj           0%         2d6       100%        5
 Chain Lightning          Conj/Air       0%         N/A       100%        9
 Call Canine Familiar     Summ           Unusable   N/A       N/A         3
 Dragon's Call            Summ           Unusable   N/A       N/A         9

Dungeon Overview and Level Annotations

Branches:
Dungeon (13/15)            Temple (1/1) D:6            Lair (0/5) D:8
    Orc (0/2) D:11
 Vaults: D:13-14

Altars:
Ashenzari
Cheibriados
Dithmenos
Elyvilon
Fedhas
Gozag
Hepliaklqana
Kikubaaqudgha
Makhleb
Nemelex Xobeh
Okawaru
Qazlal
Ru
Sif Muna
Trog
Uskayaw
Vehumet
Wu Jian
Xom
Yredelemnul
Zin
The Shining One

Shops:
D:11 *(=

Annotations:
D:13 Dega's ghost, journeyman SpHu


Innate Abilities, Weirdness & Mutations

You have a pair of large horns on your head.
You reflexively headbutt those who attack you in melee.
You are agile. (Dex +4, Str/Int -1)


Message History

You block Dega's ghost's attack.
Fire: u) +0 arbalest (heavy)
Press: ? - help, Shift-Dir - straight line, f - kobold brigand
Aim: a kobold brigand, wielding a +2 short sword of distortion and quivering poisoned darts (74% to hit)
You shoot a bolt. The bolt hits the kobold brigand!
The kobold brigand is moderately wounded.
You feel sick.
You are no longer poisoned.
The kobold brigand hits you with a +0 short sword of venom.
* * * LOW HITPOINT WARNING * * *
The kobold brigand barely misses you.
The kobold brigand completely misses you.
Dega's ghost hits you.
* * * LOW HITPOINT WARNING * * *
The kobold brigand hits you but does no damage.
The kobold brigand zaps a wand.
The puff of flame misses you.
The puff of flame hits the kobold brigand.
You block Dega's ghost's attack.
The kobold brigand zaps a wand.
The roots erupt in riotous growth!
The grasping roots grab you!
The kobold brigand is unaffected.
The grasping roots constrict you.
The kobold brigand zaps a wand.
The puff of flame misses you.
The kobold brigand completely misses you.
You furiously retaliate!
You headbutt the kobold brigand!
You kill the kobold brigand!
Okawaru accepts your kill. The kobold brigand barely misses you.
The kobold brigand throws a poisoned dart.
The poisoned dart hits you!
You are poisoned.
The grasping roots constrict you.
* * * LOW HITPOINT WARNING * * *
The roots grasp on you weakens, but your attempt to escape fails.
You feel yourself speed up.
* * * LOW HITPOINT WARNING * * *
You feel very sick.
The kobold brigand hits you but does no damage.
The kobold brigand misses you. The grasping roots constrict you.
Dega's ghost hits you!
You die...

....#.####.....### ####
.......#.##'''##.#
.......#...)..)..####
.......#####..).)...##
≈≈≈≈......####.......#
..............)......#
..~.#....###...KK....## #
.~####....#....KWK....#####
## .##
#.........K@......(..# #.
## ###.##..........######
## #####.......###
##.....## ####.## ###


You could see 5 kobold brigands and Dega's ghost.

Vanquished Creatures
  Gastronok (D:8)
  3 fire dragons
  Fannar (D:10)
  The ghost of Dega the Spry, a journeyman SpHu of Qazlal (D:12)
  A hydra (D:13)
  5 two-headed ogres
  2 boulder beetles
  Urug (D:12)
  Sonja (D:11)
  A deep elf pyromancer (D:12)
  4 cyclopes
  A manticore (D:12)
  A deep elf zephyrmancer (D:11)
  A gargoyle (D:12)
  2 komodo dragons (D:11)
  2 unseen horrors
  8 kobold demonologists
  4 trolls
  A hornet (D:7)
  4 slime creatures
  A shadow (D:10)
  A vampire (D:12)
  3 wraiths
  2 wyverns
  18 yaks
  A steam dragon (D:8)
  2 vampire mosquitoes (D:10)
  2 acid dragons
  10 orc warriors
  3 black bears
  An ogre (D:4)
  6 centaurs
  18 kobold brigands
  A bullfrog (D:8)
  A gnoll sergeant (D:11)
  8 wights
  10 killer bees
  3 howler monkeys (D:7)
  2 electric eels (D:8)
  2 hounds
  7 orc priests
  2 jellies
  3 gnoll boudas
  Natasha (thrice) (D:3)
  17 orc wizards
  2 sleepcaps (D:6)
  4 iguanas
  6 gnolls
  7 adders
  2 white imps
  4 ufetubi
  3 worms
  2 dart slugs
  56 orcs
  10 bats
  11 endoplasms
  6 giant cockroaches
  6 goblins
  6 hobgoblins
  24 kobolds
  6 quokkas
  9 ball pythons
  3 frilled lizards
  9 rats
348 creatures vanquished.

Notes
Turn   | Place    | Note
-------+----------+-------------------------------------------
     0 | D:1      | mcursa the Minotaur Hunter began the quest for the Orb.
     0 | D:1      | Reached XP level 1. HP: 18/18 MP: 0/0
   109 | D:1      | Reached XP level 2. HP: 25/25 MP: 1/1
   341 | D:1      | Reached skill level 5 in Ranged Weapons
   344 | D:1      | Found a faded altar of an unknown god.
   384 | D:1      | Reached XP level 3. HP: 30/30 MP: 2/2
   871 | D:2      | Found a shimmering altar of Xom.
  1327 | D:3      | Reached skill level 1 in Armour
  1408 | D:3      | Reached XP level 4. HP: 38/38 MP: 3/3
  1644 | D:3      | Noticed Natasha
  1651 | D:3      | Killed Natasha
  1652 | D:3      | Reached skill level 6 in Ranged Weapons
  1756 | D:3      | Noticed Natasha
  1766 | D:3      | Killed Natasha
  1767 | D:3      | Reached XP level 5. HP: 26/46 MP: 4/4
  1935 | D:3      | Noticed Natasha
  1947 | D:3      | Killed Natasha
  2203 | D:4      | Got a yellowed book
  2374 | D:4      | Upgraded the game from 0.31-a0-881-ge136f0c to
                  | 0.31-a0-930-g84ea760
  2541 | D:4      | Reached skill level 7 in Ranged Weapons
  2629 | D:4      | Reached XP level 6. HP: 48/52 MP: 5/5
  3121 | D:5      | Entered Level 5 of the Dungeon
  3176 | D:5      | You fall into a shaft and drop 1 floor!
  3211 | D:6      | Reached skill level 8 in Ranged Weapons
  3211 | D:6      | Reached XP level 7. HP: 46/60 MP: 6/6
  3224 | D:6      | Identified the +5 scimitar of Veommug {freeze, rElec}
  3411 | D:6      | Reached skill level 1 in Shields
  3462 | D:6      | Reached skill level 5 in Fighting
  3719 | D:6      | Identified 3 scrolls of acquirement
  3719 | D:6      | Acquired a manual of Ranged Weapons
  3756 | D:6      | Acquired a +0 arbalest of flaming
  3757 | D:6      | Acquired 779 gold pieces
  3819 | D:6      | Found a staircase to the Ecumenical Temple.
  3829 | Temple   | Entered the Ecumenical Temple
  3982 | Temple   | Became a worshipper of Warmaster Okawaru
  4078 | D:6      | Reached skill level 9 in Ranged Weapons
  4199 | D:6      | Reached XP level 8. HP: 53/68 MP: 7/7
  4269 | D:6      | Reached skill level 1 in Stealth
  4401 | D:6      | Found a burning altar of Makhleb.
  4497 | D:7      | Noticed a hornet
  4501 | D:7      | Paralysed by a hornet for 3 turns
  4504 | D:7      | Killed a hornet
  4505 | D:7      | Reached skill level 10 in Ranged Weapons
  4702 | D:7      | Reached * piety under Okawaru
  4726 | D:7      | Found a sparkling altar of Nemelex Xobeh.
  4740 | D:7      | Identified the +1 quarterstaff of Melee {elec, rElec Str+2}
  4799 | D:7      | Reached skill level 11 in Ranged Weapons
  4842 | D:7      | Reached skill level 12 in Ranged Weapons
  5041 | D:7      | Reached XP level 9. HP: 78/78 MP: 8/8
  5048 | D:7      | Reached ** piety under Okawaru
  5051 | D:7      | Reached skill level 13 in Ranged Weapons
  5144 | D:7      | Noticed a two-headed ogre
  5150 | D:7      | Killed a two-headed ogre
  5151 | D:7      | Reached skill level 14 in Ranged Weapons
  5629 | D:8      | Identified the +3 ring mail of Gallantry {rN++ Str-4 Int+5}
  5724 | D:8      | Noticed Gastronok
  5735 | D:8      | Killed Gastronok
  5735 | D:8      | Reached *** piety under Okawaru
  5736 | D:8      | Reached skill level 15 in Ranged Weapons
  5736 | D:8      | Reached skill level 5 in Dodging
  5736 | D:8      | Reached XP level 10. HP: 55/88 MP: 9/9
  5823 | D:8      | Found a staircase to the Lair.
  5925 | D:8      | Reached **** piety under Okawaru
  5988 | D:8      | Reached skill level 16 in Ranged Weapons
  6071 | D:8      | Acquired a +6 ring of dexterity
  6183 | D:8      | Identified the +8 rapier of World's End {spect, rF+ Dex+3}
  6508 | D:8      | Reached skill level 5 in Armour
  7079 | D:9      | Noticed a two-headed ogre
  7084 | D:9      | Killed a two-headed ogre
  7106 | D:9      | Identified the +5 scale mail of Gravity {*Slow rPois rC++
                  | rCorr}
  7362 | D:9      | Reached ***** piety under Okawaru
  7364 | D:9      | Reached skill level 17 in Ranged Weapons
  7369 | D:9      | Received a gift from Okawaru
  7406 | D:9      | Reached XP level 11. HP: 85/97 MP: 6/10
  7625 | D:10     | Entered Level 10 of the Dungeon
  7636 | D:10     | Reached skill level 10 in Fighting
  8099 | D:10     | Noticed Fannar
  8109 | D:10     | Killed Fannar
  8513 | D:11     | Found Etalon's Jewellery Shoppe.
  8516 | D:11     | Bought the ring of Ru's Displeasure {Fly rElec rC+ Slay-3}
                  | for 440 gold pieces
  8590 | D:11     | Found a staircase to the Orcish Mines.
  8628 | D:11     | Received a gift from Okawaru
  8657 | D:11     | Noticed a two-headed ogre
  8660 | D:11     | Killed a two-headed ogre
  8663 | D:11     | Noticed a two-headed ogre
  8670 | D:11     | Killed a two-headed ogre
  8747 | D:11     | Identified the +7 dagger "Koakutiu" {heavy, rPois}
  8747 | D:11     | Identified the ring of Orij {rPois rN+++ Will+ EV+5 Dex-3}
  8876 | D:11     | Found Weschuney's Weapon Boutique.
  8985 | D:11     | Reached skill level 18 in Ranged Weapons
  9119 | D:11     | Noticed Sonja
  9121 | D:11     | Killed Sonja
  9292 | D:11     | Found Amothrytt's General Store.
  9368 | D:11     | Bought a potion of experience for 500 gold pieces
  9368 | D:11     | Bought a potion of brilliance for 40 gold pieces
  9368 | D:11     | Bought a potion of curing for 30 gold pieces
  9368 | D:11     | Bought a +1 pair of gloves for 115 gold pieces
  9368 | D:11     | Reached XP level 12. HP: 112/112 MP: 11/11
  9476 | D:11     | Noticed a fire dragon
  9484 | D:11     | Killed a fire dragon
  9571 | D:11     | Noticed a fire dragon
  9586 | D:11     | Killed a fire dragon
  9701 | D:11     | Reached skill level 1 in Throwing
  9740 | D:11     | Received a gift from Okawaru
 10024 | D:11     | Reached XP level 13. HP: 118/118 MP: 12/12
 10835 | D:12     | Noticed Urug
 10844 | D:12     | Noticed Dega's ghost (journeyman SpHu)
 10876 | D:12     | Killed Urug
 11139 | D:12     | Found a runed translucent gate.
 11139 | D:12     | Identified the +8 chain mail of Purpose {Fly Int+3 Dex+3}
 11149 | D:12     | Found a runed translucent gate.
 11150 | D:12     | Found a runed translucent gate.
 11505 | D:12     | Received a gift from Okawaru
 11506 | D:12     | Reached skill level 19 in Ranged Weapons
 11565 | D:12     | Identified the ring "Oseim" {rElec rC+ rCorr Int+6 Dex+3}
 11693 | D:12     | Killed Dega's ghost
 11718 | D:12     | Identified the +1 hat of the Constellations {Regen+}
 11848 | D:13     | Noticed a fire dragon
 11855 | D:13     | Killed a fire dragon
 12075 | D:13     | Gained mutation: You are agile. (Dex +4, Str/Int -1)
                  | [potion of mutation]
 12075 | D:13     | Gained mutation: You have a pair of large horns on your
                  | head. [potion of mutation]
 12211 | D:13     | Identified the +7 quarterstaff "Beast's Demise" {freeze,
                  | rElec}
 12898 | D:13     | Noticed Dega's ghost (journeyman SpHu)
 12899 | D:13     | Found a runed translucent gate.
 12899 | D:13     | Found a runed translucent gate.
 12900 | D:13     | Found a runed translucent gate.
 13092 | D:13     | HP: 4/123 [poisoned by a kobold brigand]
 13092 | D:13     | Slain by Dega's ghost

Illustrated notes

Levels and vault maps discovered:
D:1:      eino_arrival_water_cross, layout_loops_ring,
          chequers_ecumenical_altar_simple
D:2:      wad_lake_hut, layout_loops_cross, basic_altar
D:3:      layout_rooms, minmay_pentomino_pile, uniq_natasha
D:4:      layout_gridville, minmay_pentangle
D:5:      layout_rooms, nicolae_elevator_lobby_plus
D:6:      layout_rooms, general_overflow_altar, minmay_temple_entry_mini_moons,
          columned_hall_lemuel
D:7:      layout_basic, old_standard_altar, serial_glass, glass_columns_c,
          glass_columns_a, nicolae_water_bricks, kennysheep_generic_room_14
D:8:      layout_basic, lair_entry_dummy, dreamdust_wishing_well,
          serial_bayou_lagoon_a, uniq_gastronok
D:9:      layout_loops_ring, special_room [special_room_kobold],
          nicolae_elevator_lobby_asterisk
D:10:     layout_irregular_city, minmay_statues_item, uniq_fannar
D:11:     minmay_the_grid_3x2 [minmay_the_grid_slots, minmay_the_grid_dragon_a,
          minmay_the_grid_rooms, minmay_the_grid_outer_circle,
          minmay_the_grid_broken_lines, minmay_the_grid_prize_diamond_cup],
          layout_stronghold, hiddenorc2_lemuel, serial_shops, kennysheep_mini,
          nicolae_shop_hallway_stairs, shop, uniq_sonja
D:12:     layout_stronghold, biasface_ghost_orc_armoury, uniq_urug
D:13:     layout_cave_pods, gammafunk_ghost_nasty_kobolds, serial_rivers,
          chequers_serial_rivers_micro_a, chequers_serial_rivers_micro_e,
          chequers_serial_rivers_micro_e, chequers_serial_rivers_large_b,
          chequers_serial_rivers_small_3, chequers_serial_rivers_small_b
Temple:   nicolae_temple_slightly_damp_pantheon

Skill      XL: |  1  2  3  4  5  6  7  8  9 10 11 12 13 |
---------------+----------------------------------------+-----
Ranged Weapons | 5 6 7 8 9 12 15 17 18 19 | 19.2
Fighting       | 3 4 5 6 8 9 11 12 13 | 13.7
Armour         | 1 2 3 4 5 7 8 9 |  9.9
Dodging        | 3 4 5 6 7 |  7.7
Shields        | 1 2 3 6 7 |  7.4
Stealth        | 1 3 |  3.6
Throwing       | 1 2 |  2.3
Invocations    | |  0.8

Action                     |  1- 3 |  4- 6 |  7- 9 | 10-12 | 13-15 || total
---------------------------+-------+-------+-------+-------+-------++-------
  Melee: Arbalest          |       |       |     4 |       |       ||     4
         Headbutt          |       |       |     1 |       |       ||     1
   Fire: Shortbow          |   131 |   203 |    85 |       |       ||   419
         Arbalest          |       |       |   121 |   360 |   152 ||   633
  Throw: Dart              |       |       |       |     3 |    18 ||    21
 Invoke: Finesse           |       |       |       |     1 |       ||     1
         Heroism           |       |       |       |     1 |     5 ||     6
    Use: Scroll            |       |     2 |     5 |     6 |     7 ||    20
         Potion            |       |       |       |     4 |     4 ||     8
 Armour: Leather armour    |    16 |    73 |   127 |    26 |       ||   242
         Ring mail         |     1 |       |       |       |       ||     1
         Scale mail        |       |       |       |   120 |   151 ||   271
  Dodge: Dodged            |    19 |    67 |    71 |   132 |   127 ||   416
  Block: Other             |       |    29 |    33 |    60 |    36 ||   158
         Reflection        |       |     2 |     1 |     5 |     2 ||    10

Table legend: (Time is in decaauts)
 A = Elapsed time spent in this place.
 B = Non-inter-level travel time spent in this place.
 C = Inter-level travel time spent in this place.
 D = Time resting spent in this place.
 E = Time spent auto-exploring this place.
 F = Levels seen in this place.
 G = Mean time per level.
                   A        B        C        D        E       F      G
               +--------+--------+--------+--------+--------+-----+--------+
         Total |  13553 |  12681 |    872 |     39 |  10411 |  14 |  968.1 |
       Dungeon |  13389 |  12676 |    713 |     39 |  10411 |  13 | 1029.9 |
        Temple |    163 |      4 |    159 |      0 |      0 |   1 |  163.0 |
               +--------+--------+--------+--------+--------+-----+--------+

Top non-repeatable levels by time:
    D:12: 1831 daAuts
    D:11: 1684 daAuts
    D:13: 1334 daAuts
     D:6: 1184 daAuts
     D:7: 1091 daAuts
     D:8: 1088 daAuts
     D:4: 1023 daAuts
     D:9: 1020 daAuts
    D:10: 885 daAuts
     D:3: 842 daAuts
     D:1: 678 daAuts
     D:2: 669 daAuts
  Temple: 163 daAuts
     D:5: 55 daAuts
